 Dungeon Crawl Stone Soup version 0.19.5 (webtiles) character file.

1180 JeffiDaFish the Cudgeler (level 8, -1/48 HPs)
             Began as a Gargoyle Fighter on Apr 11, 2017.
             Slain by an orc priest (3 damage)
             ... on level 5 of the Dungeon.
             The game lasted 00:08:07 (4152 turns).

JeffiDaFish the Cudgeler (Gargoyle Fighter)         Turns: 4152, Time: 00:08:08

Health: -1/48      AC: 12    Str: 20    XL:     8   Next: 42%
Magic:  8/8        EV:  8    Int:  9    God:
Gold:   210        SH: 12    Dex: 11    Spells: 0 memorised, 7 levels left

rFire  . . .     SeeInvis .     a - +1 flail
rCold  . . .     Gourm    .     b - +0 scale mail
rNeg   + . .     Faith    .     c - +2 shield
rPois  ∞         Spirit   .     (no helmet)
rElec  +         Reflect  .     (no cloak)
rCorr  .         Harm     .     (no gloves)
MR     .....                    (no boots)
Stlth  ..........               (no amulet)
                                (no ring)
                                (no ring)

@: no status effects
A: negative energy resistance 1, electricity resistance, unbreathing,
petrification resistance, rot immunity, AC +5
a: no special abilities


You were on level 5 of the Dungeon.
You were very hungry.

You visited 2 branches of the dungeon, and saw 6 of its levels.
You also visited: Sewer.

You collected 210 gold pieces.

Inventory:

Hand Weapons
 a - a +1 flail (weapon)
Armour
 b - a +0 scale mail (worn)
 c - a +2 shield (worn)
Scrolls
 e - 7 scrolls of identify
 k - 2 scrolls of remove curse
 m - a scroll of amnesia
 n - a scroll of recharging
 o - 2 scrolls of teleportation
 p - a scroll of fear
Potions
 g - a potion of might
 i - a potion of haste
Comestibles
 d - a royal jelly
 f - 2 bread rations
 h - a slice of pizza
 j - 3 beef jerkies
 l - 3 meat rations


   Skills:
 + Level 4.6 Fighting
 + Level 6.6 Maces & Flails
 + Level 5.2 Armour
 + Level 1.8 Dodging
 + Level 0.8 Stealth
 + Level 6.3 Shields


You had 7 spell levels left.
You didn't know any spells.

Dungeon Overview and Level Annotations

Branches:
Dungeon (5/15)             Temple (1/1) D:4

Altars:
Ashenzari
Cheibriados
Dithmenos
Elyvilon
Fedhas
Gozag
Hepliaklqana
Kikubaaqudgha
Makhleb
Nemelex Xobeh
Qazlal
Ru
Sif Muna
Trog
Uskayaw
Yredelemnul
Zin
The Shining One


Innate Abilities, Weirdness & Mutations

You are resistant to torment.
Your stone body is resilient. (AC +5)
You are immune to poison.
You resist negative energy. (rN+)
You are resistant to electric shocks. (rElec)
You can survive without breathing.
You are immune to petrification.
You are immune to rotting.


Message History

You sock the gnoll!
The gnoll is severely wounded.
You block the gnoll's attack.
The orc priest looks satisfied for a moment.
You hit the gnoll.
The gnoll is almost dead.
You block the gnoll's attack.
You sock the gnoll!
You kill the gnoll!
The orc priest calls down the wrath of Beogh upon you.
You struggle to resist.
You block the orc priest's attack.
Things that are here:
a spear; a dagger; a robe You barely miss the orc priest.
The orc priest mumbles some strange prayers to Beogh against you.
Beogh smites you!
* * * LOW HITPOINT WARNING * * *
The orc priest hits you.
You die...

########.# #.# #.#
#.# #.#
#############.#
#.....go.g....######
#.#o#####.#.........
#@# #.#.######## #)#
#.#g# #.# #o#o#
#..........
#?.####.#.. #..#
#.##.# #..# .# #..#
o# ....


You could see an orc priest.

Vanquished Creatures
  Sigmund (D:3)
  Duvessa (D:4)
  A sky beast (D:5)
  The ghost of Alte the Cudgeler, an amateur DDFi (D:4)
  2 ogres (D:4)
  A bullfrog (D:4)
  Dowan (D:4)
  A bullfrog zombie (D:5)
  2 hounds
  A bullfrog skeleton (D:4)
  A centaur skeleton (D:4)
  An orc wizard (D:5)
  A worker ant (D:5)
  A hound skeleton (D:4)
  6 gnolls
  7 adders
  A river rat (D:3)
  An ooze (D:4)
  An adder skeleton (D:4)
  3 worms
  5 dart slugs
  2 leopard geckos
  2 orcs
  9 ball pythons
  3 giant cockroaches
  11 hobgoblins
  8 jackals
  5 bats
  6 frilled lizards
  9 goblins
  14 kobolds
  6 rats
  A plant (Sewer)
116 creatures vanquished.

Vanquished Creatures (others)
  A plant (Sewer)
1 creature vanquished.

Grand Total: 117 creatures vanquished

Notes
Turn   | Place    | Note
-------+----------+-------------------------------------------
     0 | D:1      | JeffiDaFish the Gargoyle Fighter began the quest for the Orb.
     0 | D:1      | Reached XP level 1. HP: 14/14 MP: 1/1
    63 | D:1      | Reached XP level 2. HP: 19/19 MP: 2/2
   503 | D:1      | Reached XP level 3. HP: 24/24 MP: 3/3
  1001 | D:2      | Found an opulent altar of Gozag.
  1088 | D:2      | Reached XP level 4. HP: 29/29 MP: 4/4
  1404 | D:2      | Found a glowing silver altar of Zin.
  1404 | D:2      | Found an ancient bone altar of Kikubaaqudgha.
  1668 | D:3      | Noticed Sigmund
  1675 | D:3      | Killed Sigmund
  1675 | D:3      | Reached XP level 5. HP: 33/33 MP: 5/5
  1675 | D:3      | Reached XP level 6. HP: 38/38 MP: 6/6
  1947 | D:3      | Found a glowing drain.
  1954 | Sewer    | Entered a sewer
  2638 | Sewer    | Reached skill level 5 in Shields
  2933 | D:4      | Found a burning altar of Makhleb.
  3121 | D:4      | Reached skill level 5 in Maces & Flails
  3121 | D:4      | Reached XP level 7. HP: 41/43 MP: 7/7
  3148 | D:4      | Noticed Alte's ghost (amateur DDFi)
  3158 | D:4      | Killed Alte's ghost
  3158 | D:4      | Reached skill level 1 in Dodging
  3161 | D:4      | Found a snail-covered altar of Cheibriados.
  3354 | D:4      | Noticed Dowan
  3356 | D:4      | Noticed Duvessa
  3371 | D:4      | Killed Duvessa
  3397 | D:4      | Killed Dowan
  3485 | D:4      | Reached skill level 5 in Armour
  3485 | D:4      | Reached XP level 8. HP: 29/48 MP: 8/8
  3748 | D:4      | Found a staircase to the Ecumenical Temple.
  3757 | Temple   | Entered the Ecumenical Temple
  3981 | D:5      | Entered Level 5 of the Dungeon
  4152 | D:5      | HP: 2/48 [orc priest/divine providence (10)]
  4152 | D:5      | Slain by an orc priest

Skill      XL: |  1  2  3  4  5  6  7  8 |
---------------+-------------------------+-----
Armour         | 4 5 |  5.2
Maces & Flails | 4 5 6 |  6.6
Shields        | 4 5 6 |  6.3
Fighting       | 4 |  4.6
Dodging        | 1 |  1.8
Stealth        | |  0.8

Action                   |  1- 3 |  4- 6 |  7- 9 || total
-------------------------+-------+-------+-------++-------
Melee: Flail             |    96 |   346 |   132 ||   574
  Use: Scroll            |     4 |     8 |       ||    12
       Potion            |     3 |     6 |     2 ||    11
  Eat: Chunk             |     1 |     8 |     2 ||    11
Armor: Scale mail        |    49 |   189 |    66 ||   304
Dodge: Dodged            |    25 |   102 |    36 ||   163
Block: Shield            |    57 |   253 |    98 ||   408
